Map: Blackpink LE

Players

Dystopia - Winner!

  • Race: Protoss Protoss
  • League: Master
  • Spawn Location: 7:00

Cattivissimo

  • Race: Zerg Zerg
  • League: Master
  • Spawn Location: 1:00

VOD

Have the link to the VOD?

Description

Time

  • Played on: Nov. 17, 2017, 8:35 a.m.
  • Length: 12:30
Show
View Real Time Build Order
Export as new Build Order

Dystopia Protoss - Winner!

Build Orders: 1 Gate Expand, Zealot Archon, Dark Templar Rush 

Get SALT Encoding   

  12  0:01  Probe  
  13  0:13  Probe  
  14  0:25  Probe  
  14  0:27  Pylon  
  15  0:45  Probe (Chrono Boost)  
  15  0:46  Gateway  
  16  0:50  Assimilator  
  17  0:57  Probe (Chrono Boost)  
  17  0:59  Probe (Chrono Boost)  
  19  1:11  Probe (Chrono Boost)  
  19  1:23  Nexus  
  19  1:28  Probe  
  20  1:39  Cybernetics Core  
  20  1:40  Probe  
  21  1:50  Assimilator  
  21  1:52  Pylon  
  21  1:55  Probe  
  22  2:07  Probe  
  23  2:16  Adept (Chrono Boost)  
  23  2:17  Warp Gate  
  23  2:19  Probe  
  26  2:27  Twilight Council  
  26  2:31  Probe  
  26  2:34  Stalker (Chrono Boost)  
  29  2:40  Probe  
  29  2:43  Probe  
  31  2:58  Robotics Facility  
  31  2:59  Probe x2  
  33  3:11  Probe (Chrono Boost)  
  35  3:14  Probe (Chrono Boost)  
  35  3:17  Dark Shrine  
  33  3:23  Probe (Chrono Boost)  
  35  3:29  Probe (Chrono Boost)  
  35  3:33  Gateway  
  37  3:34  Adept  
  37  3:38  Gateway  
  37  3:40  Probe x2  
  39  3:47  Gateway  
  39  3:58  Shield Battery  
  39  4:07  Pylon  
  31  4:24  Zealot  
  31  4:25  Warp Prism (Chrono Boost), Probe (Chrono Boost), Pylon  
  37  4:33  Probe (Chrono Boost)  
  37  4:38  Probe (Chrono Boost)  
  39  4:39  Probe (Chrono Boost)  
  39  4:42  Probe  
  40  4:46  Pylon  
  40  4:50  Assimilator  
  40  4:52  Assimilator  
  41  4:54  Charge, Probe (Chrono Boost)  
  41  4:57  Probe (Chrono Boost)  
  42  5:04  Probe x2 (Chrono Boost)  
  44  5:11  Dark Templar x3  
  44  5:12  Dark Templar  
  52  5:14  Probe  
  52  5:16  Probe  
  54  5:26  Probe  
  55  5:44  Pylon  
  55  5:47  Zealot x3  
  57  6:01  Pylon  
  57  6:03  Pylon  
  57  6:05  Gateway  
  57  6:08  Gateway  
  57  6:09  Gateway  
  57  6:11  Gateway  
  57  6:18  Sentry x4  
  59  6:19  Gateway  
  65  6:26  Gateway, Observer (Chrono Boost)  
  66  6:36  Archon  
  67  6:40  Probe x2  
  68  6:48  Stalker x2  
  68  6:49  Stalker x2  
  68  6:51  Blink (Chrono Boost)  
  68  6:52  Probe x2  
  78  7:03  Shield Battery  
  78  7:13  Stalker x4  
  82  7:22  Warp Prism (Chrono Boost)  
  70  7:27  Zealot x2  
  70  7:28  Zealot x5  
  70  7:29  Zealot  
  85  7:46  Pylon  
  85  7:49  Pylon  
  85  7:50  Pylon  
  85  7:51  Pylon  
  71  8:07  Stalker x5  
  75  8:27  Stalker x3  
  75  8:29  Warp Prism  
  77  8:35  Dark Templar x3  
  71  9:08  Stalker x3  
  71  9:09  Stalker x3  
  69  9:12  Pylon  
  67  9:21  Dark Templar x3  
  73  9:26  Archon x3  
  73  9:33  Pylon  
  73  9:43  Dark Templar x3  
  79  9:46  Stalker  
  79  9:48  Archon  
  81  9:56  Dark Templar x2  
  85  10:03  Archon  
  85  10:22  Zealot x3  
  85  10:23  Zealot x4  
  99  10:41  Zealot x3  
  86  10:54  Stalker x2  
  82  10:58  Warp Prism  
  80  11:15  Dark Templar x6  
  82  11:55  Archon  
  82  11:56  Archon  
  82  12:08  Stalker x9  
  94  12:09  Stalker  
Show
View Real Time Build Order
Export as new Build Order

Cattivissimo Zerg 

Build Orders: 3 Hatch before Pool, Muta Ling Bane 

Get SALT Encoding   

  12  0:00  Drone  
  13  0:08  Drone  
  14  0:17  Overlord  
  14  0:24  Extractor, Drone  
  14  0:25  Extractor  
  13  0:29  Drone  
  16  0:37  Drone  
  17  0:44  Drone  
  18  1:01  Hatchery  
  18  1:03  Drone  
  18  1:08  Drone  
  19  1:24  Drone  
  20  1:32  Drone  
  21  1:35  Hatchery  
  21  1:38  Drone  
  21  1:49  Spawning Pool  
  21  1:51  Drone  
  21  1:52  Extractor  
  20  1:55  Extractor  
  20  1:59  Overlord  
  19  2:13  Drone  
  20  2:15  Drone  
  20  2:20  Drone  
  22  2:24  Drone  
  23  2:31  Drone  
  23  2:35  Drone  
  25  2:40  Queen  
  25  2:42  Metabolic Boost  
  25  2:43  Zergling x2  
  28  2:45  Zergling x2  
  28  2:48  Zergling x2  
  30  2:52  Zergling x2  
  30  2:56  Zergling x2  
  30  2:57  Zergling x2  
  33  3:03  Drone  
  34  3:12  Drone  
  34  3:13  Drone  
  34  3:15  Drone  
  34  3:18  Drone  
  34  3:19  Queen, Drone  
  40  3:24  Drone  
  41  3:28  Drone  
  42  3:34  Overlord  
  42  3:36  Overlord  
  42  3:43  Lair  
  42  3:52  Queen  
  42  3:53  Overlord  
  42  3:54  Drone  
  42  3:55  Drone x4  
  48  3:59  Drone x2  
  48  4:01  Drone  
  50  4:04  Drone  
  50  4:05  Drone  
  51  4:12  Drone x2  
  52  4:18  Drone  
  52  4:20  Spore Crawler  
  52  4:23  Spore Crawler  
  50  4:24  Baneling Nest  
  50  4:26  Spore Crawler, Zergling x4  
  50  4:28  Zergling x2  
  51  4:37  Zergling x6  
  54  4:43  Zergling x2  
  54  4:45  Zergling x4  
  57  4:55  Spire, Zergling x14  
  57  4:58  Extractor  
  57  4:59  Extractor  
  61  5:00  Zergling x2  
  61  5:01  Zergling x6  
  61  5:05  Overlord  
  65  5:08  Overlord  
  65  5:12  Baneling x5  
  65  5:14  Drone  
  66  5:17  Overlord  
  66  5:23  Overlord  
  66  5:30  Overseer  
  60  5:44  Pneumatized Carapace  
  60  5:46  Overlord  
  60  5:47  Drone x8  
  60  5:48  Drone  
  65  5:58  Drone  
  65  5:59  Drone x5  
  65  6:03  Drone  
  72  6:11  Mutalisk x3  
  72  6:16  Drone x2  
  72  6:17  Drone x2  
  82  6:19  Drone  
  82  6:20  Drone x2  
  82  6:23  Mutalisk  
  87  6:27  Extractor  
  87  6:28  Extractor  
  87  6:30  Drone  
  87  6:31  Drone x3  
  89  6:34  Mutalisk  
  89  6:37  Drone  
  92  6:43  Mutalisk  
  94  6:49  Mutalisk  
  94  6:50  Zergling x4  
  94  6:51  Zergling x6  
  101  6:57  Corruptor  
  101  7:00  Corruptor  
  105  7:03  Overlord x3  
  105  7:06  Overlord  
  94  7:18  Mutalisk x3  
  94  7:19  Zergling x8  
  94  7:20  Zergling x4  
  96  7:25  Zergling x8  
  98  7:30  Zergling x2  
  98  7:33  Zergling x6  
  98  7:41  Baneling  
  98  7:42  Baneling x6  
  98  7:43  Zergling x6  
  98  7:51  Zergling x8  
  95  7:53  Zergling x2  
  86  8:09  Overseer  
  86  8:12  Drone x3  
  89  8:13  Drone x3  
  89  8:14  Mutalisk x3  
  89  8:15  Mutalisk  
  89  8:18  Mutalisk  
  89  8:19  Zergling x4  
  104  8:21  Zergling x2  
  105  8:32  Mutalisk  
  105  8:33  Zergling x10  
  104  8:38  Queen  
  104  8:41  Baneling x4  
  106  8:44  Queen  
  106  8:45  Queen  
  99  8:58  Zergling x2  
  99  8:59  Zergling x14  
  99  9:06  Mutalisk x2  
  99  9:07  Zergling x2  
  104  9:17  Drone x3  
  104  9:18  Drone  
  104  9:20  Spine Crawler, Drone  
  104  9:21  Spine Crawler  
  104  9:23  Spine Crawler, Baneling x7  
  106  9:25  Centrifical Hooks  
  106  9:28  Hydralisk Den  
  105  9:32  Drone, Hatchery  
  105  9:37  Overlord  
  105  9:38  Drone  
  105  9:41  Spore Crawler  
  105  9:44  Drone  
  105  9:45  Extractor, Zerg Flyer Weapons Level 1, Overlord  
  105  9:47  Overseer  
  105  9:49  Drone x2  
  105  9:50  Drone  
  105  9:52  Drone x2  
  110  9:53  Drone  
  110  9:59  Muscular Augments  
  111  10:09  Hydralisk x5  
  111  10:11  Zergling x2  
  121  10:19  Hydralisk x3  
  121  10:20  Zergling x2  
  128  10:25  Zergling x8  
  109  10:42  Hydralisk  
  109  10:43  Hydralisk x4, Zergling x6  
  109  10:44  Zergling x2  
  94  10:59  Hydralisk  
  94  11:00  Zergling x4  
  94  11:01  Hydralisk x2  
  94  11:02  Drone  
  94  11:03  Hydralisk  
  94  11:04  Drone, Zergling x2  
  73  11:15  Zergling x6  
  65  11:24  Hydralisk  
  65  11:25  Zergling x2  
  63  11:28  Mutalisk x3  
  67  11:35  Hydralisk, Zergling x2  
  63  11:46  Mutalisk x2, Overseer  
  67  11:51  Zergling x4  
  69  11:56  Hydralisk  
  69  12:01  Hydralisk, Zergling x2  
Tags
 
Add a new tag
Caveats
  • Supply blocks, unpowered buildings, or Contaminate may cause inaccurate times.
  • Supply counts are checked every 10 seconds.